 Dungeon Crawl Stone Soup version 0.22-b1-26-g9dbaab1 (webtiles) character file.

41 Doobh the Sneak (level 3, 0/22 HPs)
             Began as a Kobold Assassin on Aug 9, 2018.
             Slain by a gnoll
             ... wielding a +0 halberd
              (12 damage)
             ... on level 3 of the Dungeon.
             The game lasted 00:03:18 (1695 turns).

Doobh the Sneak (Kobold Assassin)                   Turns: 1695, Time: 00:03:19

Health: 0/22       AC:  4    Str:  8    XL:     3   Next: 75%
Magic:  3/3        EV: 15    Int: 12    God:
Gold:   84         SH:  0    Dex: 17    Spells: 2/2 levels left

rFire    . . .     SeeInvis .   a - +2 dagger
rCold    . . .     Gourm    .   (shield restricted)
rNeg     . . .     Faith    .   c - +0 robe
rPois    .         Spirit   .   n - +0 helmet
rElec    .         Reflect  .   d - +0 cloak
rCorr    .         Harm     .   (no gloves)
MR       .....                  (no boots)
Stlth    +++.......             (no amulet)
HPRegen  0.07/turn              (no ring)
MPRegen  0.08/turn              (no ring)

@: no status effects
A: small, carnivore
a: no special abilities


You were on level 3 of the Dungeon.
You were completely stuffed.

You visited 1 branch of the dungeon, and saw 3 of its levels.

You collected 84 gold pieces.

Inventory:

Hand Weapons
 a - a +2 dagger (weapon)
 b - a +0 blowgun
Missiles
 e - 39 poisoned needles
 f - 2 curare-tipped needles
 k - 44 stones (quivered)
Armour
 c - a +0 robe (worn)
 d - a +0 cloak (worn)
 n - a +0 helmet (worn)
 y - a scarf of cloud immunity
Jewellery
 l - an uncursed ring of stealth {unknown}
 s - an uncursed ring of protection from cold {unknown}
Wands
 v - a wand of acid (9)
Scrolls
 i - a scroll of amnesia {unknown}
 m - 5 scrolls of identify {unknown}
 o - 3 scrolls of enchant weapon {unknown}
 q - 3 scrolls of teleportation {unknown}
 r - 2 scrolls of enchant armour {unknown}
 w - a scroll of immolation {unknown}
Potions
 h - 2 potions of curing {unknown}
 j - a potion of heal wounds {unknown}
 p - a potion of ambrosia {unknown}
 t - 2 potions of flight {unknown}
 u - a potion of lignification {unknown}
 x - a potion of resistance {unknown}
Comestibles
 g - 2 rations
 z - 2 chunks of flesh


   Skills:
 + Level 2.6 Fighting
 * Level 3.6 Short Blades
 + Level 2.6 Throwing
 + Level 1.8 Dodging
 + Level 5.6 Stealth


You had 2 spell levels left.
You didn't know any spells.
Your spell library was empty.

Dungeon Overview and Level Annotations

Branches:
Dungeon (3/15)

Altars:
Cheibriados


Innate Abilities, Weirdness & Mutations

You are small and have problems with some larger weapons.
You are carnivorous and can eat meat at any time.


Message History

You kill the bat!
The goblin shouts!
A gnoll comes into view. It is wielding a halberd.
A rat comes into view.
The goblin barely misses you.
You hit the goblin.
The goblin is severely wounded.
The goblin closely misses you.
You hit the goblin.
You kill the goblin!
There is an open door here.
You hit the rat.
You kill the rat!
The gnoll misses you. The gnoll hits you with a halberd!
You hit the gnoll but do no damage. You barely miss the gnoll.
The gnoll barely misses you.
You closely miss the gnoll. The gnoll hits you with a halberd!
Ouch! That really hurt!
You die...

#.# #...#....#
#.####.#..#...#
##.#.....#..#..#
##....##...#...)#
#.....##.#..#...#
#.##....##..#..#..#
#.......##...#....#
#####.####.#..#.#.
#@# #....... ##g##
##..## ##...##
##.....##
###......†##
...........#
............+
###.....)...#
#.>......##


You could see a gnoll.

Vanquished Creatures
  An ooze (D:1)
  A worm (D:2)
  2 dart slugs (D:1)
  6 goblins
  2 hobgoblins
  4 jackals (D:2)
  4 kobolds (D:1)
  2 ball pythons (D:1)
  3 bats
  3 frilled lizards
  A rat (D:3)
29 creatures vanquished.

Notes
Turn   | Place    | Note
-------+----------+-------------------------------------------
     0 | D:1      | Doobh the Kobold Assassin began the quest for the Orb.
     0 | D:1      | Reached XP level 1. HP: 12/12 MP: 1/1
   250 | D:1      | Reached XP level 2. HP: 18/18 MP: 2/2
   595 | D:1      | Reached XP level 3. HP: 22/22 MP: 3/3
  1076 | D:2      | Found a snail-covered altar of Cheibriados.
  1695 | D:3      | Slain by a gnoll

Skill      XL: |  1 |
---------------+----+-----
Short Blades   | 3 |  3.6
Fighting       | |  2.6
Throwing       | |  2.6
Dodging        | |  1.8
Stealth        | |  5.6

Action                   || total
-------------------------++-------
Melee: Dagger            ||    69
 Fire: Blowgun           ||     5
 Stab: Sleeping          ||    12
  Eat: Chunk             ||    11
Armor: Robe              ||    16
Dodge: Dodged            ||    34
